 Dungeon Crawl Stone Soup version 0.29.1-12-g30fa7ad0bf (webtiles) character file.

Game seed: 18152114856592561510

71 FaviusArthum the Grave Robber (level 4, -1/24 HPs)
             Began as a Deep Elf Necromancer on Jan 6, 2023.
             Slain by a gnoll
             ... wielding a +0 flail
             ... led by a gnoll bouda
              (4 damage)
             ... on level 3 of the Dungeon.
             The game lasted 00:05:56 (966 turns).

FaviusArthum the Grave Robber (Deep Elf Necromancer) Turns: 966, Time: 00:05:57

Health: -1/24      AC:  3    Str:  5    XL:     4   Next: 5%
Magic:  2/12       EV: 13    Int: 22    God:
Gold:   75         SH:  0    Dex: 15    Spells: 7/11 levels left

rFire   + . .      SeeInvis .   f - +0 dagger
rCold   . . .      Faith    .   (no shield)
rNeg    . . .      Spirit   .   a - +0 robe
rPois   .          Reflect  .   (no helmet)
rElec   .          Harm     .   (no cloak)
rCorr   .          Rampage  .   e - +0 pair of gloves
Will    .....                   (no boots)
Stlth   ++........              (no amulet)
HPRegen 0.08/turn               g - ring of protection from fire
MPRegen 0.13/turn               (no ring)

@: lethally poisoned (-1 -> -9)
A: no striking features
a: no special abilities


You were on level 3 of the Dungeon.
You visited 1 branch of the dungeon, and saw 3 of its levels.

You collected 75 gold pieces.

Inventory:

Hand Weapons
 f - a +0 dagger (weapon)
 m - a +0 whip
Armour
 a - a +0 robe (worn)
 e - a +0 pair of gloves (worn)
Jewellery
 g - a ring of protection from fire (left hand)
 l - a ring of resist corrosion
Wands
 o - a wand of flame (4)
Scrolls
 d - a scroll of vulnerability {unknown}
 h - a scroll of noise {unknown}
 i - a scroll of butterflies {unknown}
 j - a scroll of poison {unknown}
 k - a scroll of identify {unknown}
Potions
 b - a potion of magic
 c - 2 potions of flight {unknown}
 n - a potion of attraction {unknown}


   Skills:
 + Level 2.7 Dodging
 + Level 2.6 Stealth
 + Level 4.0 Spellcasting
 + Level 6.1 Necromancy


You had 7 spell levels left.
You knew the following spells:

 Your Spells              Type           Power      Damage    Failure   Level
a - Necrotise             Necr           100%       1d9       1%          1
b - Vampiric Draining     Necr           31%        2d8       2%          3

Your spell library contained the following spells:

 Spells                   Type           Power      Damage    Failure   Level
 Animate Dead             Necr           31%        N/A       9%          4
 Agony                    Necr           31%        N/A       26%         5
 Gell's Gravitas          Tloc           4%         N/A       32%         3
 Teleport Other           Tloc           4%         N/A       32%         3
 Borgnjor's Vile Clutch   Necr/Erth      8%         N/A       65%         5
 Death Channel            Necr           15%        N/A       80%         6
 Dispersal                Tloc           2%         N/A       100%        6


Dungeon Overview and Level Annotations

Branches:
Dungeon (3/15)

Altars:
Xom

Annotations:
D:2 Sigmund


Message History

Casting: Necrotise (safe; 1% risk of failure)
Confirm with . or Enter, or press ? or * to list all spells.
Aiming: Necrotise (safe; 1% risk of failure)
Press: ? - help, Shift-Dir - straight line, f/p - gnoll bouda
Aim: a gnoll bouda, wielding a +2 whip of venom and wearing a +0 robe (moderately wounded, chance to affect: 83%)
The gnoll bouda writhes in agony!
Casting: Necrotise (safe; 1% risk of failure)
Confirm with . or Enter, or press ? or * to list all spells.
Aiming: Necrotise (safe; 1% risk of failure)
Press: ? - help, Shift-Dir - straight line, f/p - gnoll bouda
Aim: a gnoll bouda, wielding a +2 whip of venom and wearing a +0 robe (severely wounded, chance to affect: 83%)
The gnoll bouda writhes in agony.
The gnoll bouda hits you with a +2 whip of venom!
Ouch! That really hurt!
You are lethally poisoned!
Casting: Necrotise (safe; 1% risk of failure)
Confirm with . or Enter, or press ? or * to list all spells.
The spell is quite dangerous to miscast (3% risk of failure)!
Continue anyway?
Aiming: Vampiric Draining (quite dangerous; 3% risk of failure)
Press: ? - help, Shift-Dir - straight line, f/p - gnoll bouda
Aim: a gnoll bouda, wielding a +2 whip of venom and wearing a +0 robe (almost dead)
You draw life force from the gnoll bouda!
You kill the gnoll bouda!
You feel life coursing into your body.
* * * LOW HITPOINT WARNING * * *
You feel very sick. The gnoll closely misses you.
Your Spellcasting skill increases to level 4!
Your Necromancy skill increases to level 6!
You have reached level 4!
You feel clever.
Casting: Vampiric Draining (dangerous; 2% risk of failure)
Confirm with . or Enter, or press ? or * to list all spells.
Aiming: Necrotise (safe; 1% risk of failure)
Press: ? - help, Shift-Dir - straight line, f - gnoll
Aim: a gnoll, wielding a +0 flail (covering ground quickly, chance to affect: 88%)
The gnoll writhes in agony.
* * * LOW HITPOINT WARNING * * *
You feel very sick. The gnoll closely misses you.
The gnoll hits you with a +0 flail.
You die...

#### . ..... ..# #
..J... #.# # ..g.
#.#### ...##..
#..... ...##..
#.#### #
##J###.####.####
#.###g..##.##.......
#..@gg.....##....###
#####...##.##......#
##.##........#.#
#.#.....##.##.#
#........#.##.#
###.....##.#...
##...........
##......##.#
#......##.#


You could see 3 gnolls and an endoplasm.

Vanquished Creatures
  A gnoll bouda (D:3)
  5 orcs (D:3)
  3 bats (D:1)
  An endoplasm (D:1)
  2 giant cockroaches
  3 goblins (D:1)
  3 hobgoblins
  4 jackals (D:1)
  A quokka (D:1)
  2 ball pythons
  A frilled lizard (D:3)
  2 kobolds
  A rat (D:1)
29 creatures vanquished.

Vanquished Creatures (collateral kills)
  2 endoplasms (D:1)
2 creatures vanquished.

Grand Total: 31 creatures vanquished

Notes
Turn   | Place    | Note
-------+----------+-------------------------------------------
     0 | D:1      | FaviusArthum the Deep Elf Necromancer began the quest for
                  | the Orb.
     0 | D:1      | Reached XP level 1. HP: 10/10 MP: 6/6
    43 | D:1      | Reached skill level 5 in Necromancy
   122 | D:1      | Reached XP level 2. HP: 12/15 MP: 4/8
   543 | D:2      | Found a faded altar of an unknown god.
   578 | D:2      | Found a shimmering altar of Xom.
   620 | D:2      | Noticed Sigmund
   662 | D:3      | Reached XP level 3. HP: 19/19 MP: 6/9
   666 | D:3      | Learned a level 3 spell: Vampiric Draining
   966 | D:3      | Reached skill level 6 in Necromancy
   966 | D:3      | Reached XP level 4. HP: 6/24 MP: 2/12
   966 | D:3      | Slain by a gnoll

Illustrated notes

Levels and vault maps discovered:
D:1:      doesnt_arrival_eight_statues, layout_rooms
D:2:      layout_loops_ring, basic_altar, ebering_ecumenical_altar_sacrificial,
          uniq_sigmund, uniq_terence
D:3:      layout_loops_ring

Skill      XL: |  1  2  3 |
---------------+----------+-----
Necromancy     | 5 6 |  6.1
Spellcasting   | 4 |  4.0
Dodging        | |  2.7
Stealth        | |  2.6

Action                   |  1- 3 |  4- 6 || total
-------------------------+-------+-------++-------
Melee: Dagger            |    11 |       ||    11
 Cast: Necrotise         |    43 |     1 ||    44
       Vampiric Draining |     1 |       ||     1
Armor: Robe              |     4 |       ||     4
Dodge: Dodged            |    23 |     1 ||    24
